 Dungeon Crawl Stone Soup version 0.21.0-37-g46506fa (webtiles) character file.

41 MrLeft the Skirmisher (level 3, -7/30 HPs)
             Began as a Demonspawn Abyssal Knight on Jan 31, 2018.
             Was an Initiate of Ashenzari.
             Mangled by a small abomination (14 damage)
             ... created by the touch of Lugonu
             ... on level 2 of the Dungeon.
             The game lasted 00:08:56 (2192 turns).

MrLeft the Skirmisher (Demonspawn Abyssal Knight)   Turns: 2192, Time: 00:08:57

Health: -7/30      AC:  5    Str: 15    XL:     3   Next: 32%
Magic:  0/5        EV: 11    Int: 13    God:    Ashenzari [......]
Gold:   87         SH:  0    Dex: 12    Spells: 2/2 levels left

rFire    . . .     SeeInvis +   j - -2 mace (curse)
rCold    . . .     Gourm    .   (no shield)
rNeg     . . .     Faith    .   b - +1 leather armour
rPois    .         Spirit   +   (helmet restricted)
rElec    .         Reflect  .   (no cloak)
rCorr    .         Harm     .   (no gloves)
MR       .....                  d - +0 pair of boots
Stlth    +.........             (no amulet)
HPRegen  0.10/turn              (no ring)
MPRegen  0.09/turn              (no ring)

@: confused
A: antennae 1, talons 1, see invisible, strong 1, magic shield
a: Curse Item, Renounce Religion


You were on level 2 of the Dungeon.
You worshipped Ashenzari.
Ashenzari was noncommittal.
You were very full.

You visited 1 branch of the dungeon, and saw 2 of its levels.
You visited the Abyss 1 time.

You collected 87 gold pieces.

Inventory:

Hand Weapons
 a - a +1 hand axe
 e - a +0 short sword
 f - a cursed +0 whip
 j - a cursed -2 mace (weapon)
 o - a +0 quarterstaff
Missiles
 h - 44 sling bullets
Armour
 b - a +1 leather armour (worn)
 d - a +0 pair of boots (worn)
 i - a +0 leather armour
Scrolls
 k - a scroll of remove curse
 m - 2 scrolls of fear
Potions
 g - a potion of magic
 l - a potion of curing {unknown}
Comestibles
 c - 2 rations


   Skills:
 + Level 3.7 Fighting
 + Level 2.3 Axes
 + Level 1.9 Armour
 + Level 1.2 Dodging
   Level 2.7 Invocations


You had 2 spell levels left.
You didn't know any spells.

Dungeon Overview and Level Annotations

Branches:
Dungeon (2/15)

Altars:
Ashenzari
Makhleb


Innate Abilities, Weirdness & Mutations

You have a pair of small antennae on your head.
When hurt, damage is shared between your health and your magic reserves.
You have sharp toenails.
You have supernaturally acute eyesight. (SInv)
Your muscles are strong. (Str +2)


Message History

You hit the giant cockroach.
You kill the giant cockroach!
l - a fizzy brown potion You see here a giant cockroach corpse.
Lugonu's wrath finds you! Space warps around you!
You blink.
You are confused.
Lugonu sends minions to punish you.
A small abomination comes into view.
You barely miss the small abomination.
You bump into the rock wall.
The small abomination misses you.
You hit the small abomination.
The small abomination is lightly damaged.
The small abomination hits you!!
Ouch! That really hurt!
* * * LOW HITPOINT WARNING * * *
You miss the small abomination.
The small abomination is lightly damaged.
The small abomination hits you!
You die...

#.# #.# #.# #...## #.# #.# #.#
##### ###.# #.# #.### .##.## #†#
....# ##.#...#####.# #.#.#
#....#....##.# #.#.#
#.##...##.##.# #.#.##
#.#######.##x#######....##### #.#
#.##@................
#####.#######.#####.#####...#####
................†##.# #...##
.####.#######.##....# #.### .#
#.# #.####### #.# .# #.# #.#
########.## .# #.# #.#
#.........# # ## #.#######.#
#.###'###.# # #.........###.# #.#
#.#######


You could see a small abomination.

Vanquished Creatures
  A worm (D:2)
  2 dart slugs (D:1)
  A leopard gecko (D:1)
  2 ball pythons (D:1)
  8 bats
  A giant cockroach (D:2)
  2 goblins (D:1)
  4 hobgoblins
  2 frilled lizards
  3 kobolds
  8 rats
34 creatures vanquished.

Notes
Turn   | Place    | Note
-------+----------+-------------------------------------------
     0 | Abyss:1  | MrLeft the Demonspawn Abyssal Knight began the quest for the Orb.
     0 | Abyss:1  | Reached XP level 1. HP: 18/18 MP: 2/2
     0 | D:1      | Escaped the Abyss
    58 | D:1      | Gained mutation: You can translocate small distances at will. [potion of mutation]
    58 | D:1      | Gained mutation: You have large cloven feet. [potion of mutation]
    71 | D:1      | Lost mutation: You have large cloven feet. [potion of mutation]
    71 | D:1      | Lost mutation: You can translocate small distances at will. [potion of mutation]
    71 | D:1      | Gained mutation: Your muscles are strong. (Str +2) [potion of mutation]
    71 | D:1      | Gained mutation: You have sharp toenails. [potion of mutation]
    71 | D:1      | Gained mutation: You have supernaturally acute eyesight. (SInv) [potion of mutation]
   105 | D:1      | Gained mutation: When hurt, damage is shared between your health and your magic reserves. [demonic ancestry]
   105 | D:1      | Reached XP level 2. HP: 13/24 MP: 3/3
   106 | D:1      | Reached * piety under Lugonu
   609 | D:1      | Reached skill level 1 in Dodging
   804 | D:1      | Gained mutation: You have a pair of small antennae on your head. [demonic ancestry]
   804 | D:1      | Reached XP level 3. HP: 28/29 MP: 5/5
  1313 | D:2      | Found a burning altar of Makhleb.
  1318 | D:2      | Fell from the grace of Lugonu
  1318 | D:2      | Became a worshipper of Makhleb the Destroyer
  2006 | D:2      | Found a shattered altar of Ashenzari.
  2012 | D:2      | Fell from the grace of Makhleb
  2012 | D:2      | Became a worshipper of Ashenzari the Shackled
  2189 | D:2      | Noticed a small abomination
  2192 | D:2      | Mangled by a small abomination

Skill      XL: |  1  2 |
---------------+-------+-----
Axes           | 2 |  2.3
Dodging        | 1 |  1.2
Fighting       | |  3.7
Armour         | |  1.9
Invocations    | |  2.7

Action                   || total
-------------------------++-------
Melee: Hand axe          ||    42
       Mace              ||   107
Invok: Depart the Abyss  ||     1
  Use: Potion            ||     8
       Scroll            ||     4
  Eat: Ration            ||     3
Armor: Leather armour    ||    80
Dodge: Dodged            ||   124
